 Dungeon Crawl Stone Soup version 0.21-a0-538-gd16b88a (webtiles) character file.

770 Firecrotchwizard the Spear-Bearer (level 7, 0/50 HPs)
             Began as a Merfolk Gladiator on Dec 15, 2017.
             Was a Believer of Okawaru.
             Slain by a rust devil (3 damage)
             ... on level 5 of the Dungeon.
             The game lasted 00:08:07 (3885 turns).

Firecrotchwizard the Spear-Bearer (MfGl)            Turns: 3885, Time: 00:08:07

Health: 0/50       AC: -12   Str: 20    XL:     7   Next: 82%
Magic:  6/7        EV: 15    Int:  7    God:    Okawaru [**....]
Gold:   163        SH:  0    Dex: 17    Spells: 6/6 levels left

rFire    . . .     SeeInvis .   a - +1 trident
rCold    . . .     Gourm    .   (no shield)
rNeg     . . .     Faith    .   u - +0 scale mail
rPois    .         Spirit   .   c - +0 helmet
rElec    .         Reflect  .   (no cloak)
rCorr    .         Harm     .   (no gloves)
MR       +....                  q - +0 pair of boots
Stlth    ..........             (no amulet)
HPRegen  0.16/turn              r - +3 ring of evasion
MPRegen  0.10/turn              y - ring of protection from magic {MR+, !d}

@: mighty, corroded, very slightly contaminated
A: change form in water, swift swim, stealthy swim
a: Heroism, Renounce Religion


You were on level 5 of the Dungeon.
You worshipped Okawaru.
Okawaru was pleased with you.
You were not hungry.

You visited 1 branch of the dungeon, and saw 5 of its levels.

You collected 163 gold pieces.

Inventory:

Hand Weapons
 a - a +1 trident (weapon)
Missiles
 d - 3 throwing nets {=f, !d}
Armour
 b - a +0 leather armour
 c - a +0 helmet (worn)
 q - a +0 pair of boots (worn)
   (You found it on level 2 of the Dungeon)
 u - a +0 scale mail (worn)
   (You found it on level 2 of the Dungeon)
Jewellery
 r - a +3 ring of evasion (left hand)
   (You found it on level 3 of the Dungeon)
 y - a ring of protection from magic (right hand) {MR+, !d}
   (You found it on level 4 of the Dungeon)
Wands
 z - a wand of flame (21)
   (You took it off a kobold on level 5 of the Dungeon)
Scrolls
 e - a scroll of magic mapping {!r}
 h - a scroll of amnesia
 k - a scroll of teleportation
 l - a scroll of enchant weapon
 m - 3 scrolls of identify
 p - 4 scrolls of remove curse
 x - a scroll of fog
Potions
 g - 2 potions of flight
 j - 2 potions of agility
 o - a potion of berserk rage {unknown}
 s - a potion of might
 t - 2 potions of heal wounds
 v - 2 potions of curing
 w - a potion of degeneration {unknown}
Comestibles
 f - 3 bread rations {@e1}
 i - 6 fruits
 A - a meat ration {@e2}


   Skills:
 - Level 2.1 Fighting
 * Level 12.4 Polearms
 - Level 2.0 Throwing
 - Level 4.0 Dodging


You had 6 spell levels left.
You didn't know any spells.

Dungeon Overview and Level Annotations

Branches:
Dungeon (5/15)             Temple (0/1) D:4

Altars:
Cheibriados
Gozag
Nemelex Xobeh
Okawaru
Qazlal
Vehumet
Wu Jian

Annotations:
D:3 exclusion: 3 doors, Ijyb


Message History

You take 15 damage, and have 35/50 hp.
MASSIVE DAMAGE!!
Unknown command.
You feel very mighty all of a sudden. The orc warrior barely misses you.
The orc warrior misses you.
Attack whom?
Aim: an orc warrior, wielding a halberd and wearing a plate armour You reach to attack!
You puncture the orc warrior!
Attack whom?
Aim: an orc warrior, wielding a halberd and wearing a plate armour (moderately wounded)
You reach to attack!
You barely miss the orc warrior.
The orc warrior hits you with a long sword.
The orc warrior hits you from afar with a halberd.
You take 5 damage, and have 31/50 hp.
Attack whom?
Aim: an orc warrior, wielding a halberd and wearing a plate armour (moderately wounded)
The orc warrior is in the way.
You hit the orc warrior.
Attack whom?
Aim: an orc warrior, wielding a halberd and wearing a plate armour (moderately wounded)
The orc warrior is in the way.
You puncture the orc warrior! The orc warrior barely misses you.
The orc warrior misses you.
You gain the combat prowess of a mighty hero.
The orc warrior closely misses you. The orc warrior misses you.
You now have 5/7 mp.
Attack whom?
Aim: an orc warrior, wielding a halberd and wearing a plate armour (moderately wounded)
The orc warrior is in the way.
You puncture the orc warrior!
Attack whom?
Aim: an orc warrior, wielding a halberd and wearing a plate armour (moderately wounded)
The orc warrior is in the way.
You puncture the orc warrior!
You kill the orc warrior!
Okawaru is honoured by your kill.
Your base Polearms skill increases to level 12!
The orc warrior closely misses you.
Attack whom?
Aim: an orc warrior, wielding a halberd and wearing a plate armour (moderately wounded)
You reach to attack!
You puncture the orc warrior!
Attack whom?
Aim: an orc warrior, wielding a halberd and wearing a plate armour (severely wounded)
You reach to attack!
You hit the orc warrior. The orc warrior misses you. The rust devil misses you.
Attack whom?
Aim: an orc warrior, wielding a halberd and wearing a plate armour (severely wounded)
You reach to attack!
You hit the orc warrior.
Attack whom?
Aim: an orc warrior, wielding a halberd and wearing a plate armour (almost dead)
You reach to attack!
You barely miss the orc warrior. The rust devil misses you.
The orc warrior misses you.
Attack whom?
Aim: an orc warrior, wielding a halberd and wearing a plate armour (almost dead)
The rust devil is in the way.
You puncture the rust devil! The rust devil hits you.
The rust devil corrodes you!
Attack whom?
Aim: an orc warrior, wielding a halberd and wearing a plate armour (almost dead)
You reach to attack!
You hit the orc warrior. The orc warrior completely misses you.
Attack whom?
Aim: an orc warrior, wielding a halberd and wearing a plate armour (almost dead)
You reach to attack!
You puncture the orc warrior!
You kill the orc warrior!
Okawaru accepts your kill. The rust devil completely misses you.
Attack whom?
Aim: a rust devil (moderately wounded)
You puncture the rust devil! You barely miss the rust devil.
The rust devil hits you. The rust devil corrodes you!
You take 2 damage, and have 30/50 hp.
You puncture the rust devil! The rust devil hits you!
The rust devil corrodes you!
You take 10 damage, and have 20/50 hp.
You hit the rust devil but do no damage.
You hit the rust devil but do no damage.
The rust devil misses you.
You hit the rust devil.
You feel like a meek peon again.
You hit the rust devil but do no damage.
The rust devil closely misses you.
You hit the rust devil. The rust devil barely misses you.
You barely miss the rust devil. You hit the rust devil.
The rust devil hits you!
* * * LOW HITPOINT WARNING * * *
The rust devil corrodes you!
You take 7 damage, and have 14/50 hp.
You hit the rust devil but do no damage.
The rust devil completely misses you.
You hit the rust devil but do no damage.
The rust devil misses you.
You hit the rust devil. You barely miss the rust devil.
The rust devil barely misses you.
You hit the rust devil but do no damage.
The rust devil hits you!
* * * LOW HITPOINT WARNING * * *
The rust devil corrodes you!
You take 11 damage, and have 3/50 hp.
MASSIVE DAMAGE!!
You hit the rust devil but do no damage.
You hit the rust devil but do no damage.
The rust devil hits you.
You die...

*,,,,,,,,***,....,,,,,*,,**≈≈≈≈
****,***,*,,,*,,,,,,,,,,,***⌠*⌠
*,***,,,,,*,,,,,,,,,,,******
*,*,,,***,,,,,,,,,,,,,,,,,,*
*,,,*##∩***,,,,,,,,,,,,,,,,,
*,,*#♣..,***,,,,,,,,*,,,,,,,
*,,*)....,,*,,,*,***,,*,,,,,
*,**#.....###,,*,,,,,,,,,,,*
*,*,+..8.44@#,,*,,***,*,,,,*
*,**#.....###,,*,,**,,**,***
*,,*)....,,*,,,*,,*,,***,**
**,*#♣..,***,,,*,,*,** *,,*
*,,*##>***,,,**,,*,*****,**
**,,,***,,,,,*,,,,,*,,,,,,,
*,,,,,,,,,,,,,,,***,,,,,,,
**,,,,,,,,,,*,,****,,,,,,,
****,,,,,,,,,,,,,,,,*****


You could see 2 rust devils.

Vanquished Creatures
  The ghost of AverageBear the Cutter, an amateur DEFi (D:4)
  2 orc warriors (D:5)
  An ogre (D:4)
  A howler monkey (D:3)
  A crimson imp (D:5)
  A hound (D:4)
  An iguana (D:4)
  2 worker ants
  9 adders
  2 oozes (D:3)
  A worm (D:3)
  2 dart slugs
  4 leopard geckos
  An orc (D:4)
  2 giant cockroaches
  14 goblins
  4 hobgoblins
  6 jackals
  8 kobolds
  A quokka (D:2)
  2 ball pythons (D:3)
  3 bats
  3 frilled lizards
  A leopard gecko skeleton (D:4)
  A quokka skeleton (D:5)
  8 rats
82 creatures vanquished.

Notes
Turn   | Place    | Note
-------+----------+-------------------------------------------
     0 | D:1      | Firecrotchwizard the Merfolk Gladiator began the quest for the Orb.
     0 | D:1      | Reached XP level 1. HP: 16/16 MP: 1/1
   137 | D:1      | Reached skill level 5 in Polearms
   202 | D:1      | Reached XP level 2. HP: 22/22 MP: 2/2
   948 | D:2      | Reached skill level 6 in Polearms
   948 | D:2      | Reached XP level 3. HP: 20/27 MP: 3/3
  1254 | D:2      | Found a sparkling altar of Nemelex Xobeh.
  1265 | D:2      | Found a faded altar of an unknown god.
  1474 | D:2      | Reached skill level 7 in Polearms
  1474 | D:2      | Reached XP level 4. HP: 28/33 MP: 4/4
  2167 | D:3      | Found a stormy altar of Qazlal.
  2172 | D:3      | Found an ornate altar of the Wu Jian Council.
  2187 | D:3      | Found an iron altar of Okawaru.
  2197 | D:3      | Became a worshipper of Warmaster Okawaru
  2303 | D:3      | Reached skill level 8 in Polearms
  2303 | D:3      | Reached XP level 5. HP: 33/38 MP: 5/5
  2505 | D:3      | Found an opulent altar of Gozag.
  2673 | D:3      | Noticed Ijyb
  2810 | D:3      | Reached skill level 9 in Polearms
  2994 | D:4      | Found a snail-covered altar of Cheibriados.
  3034 | D:4      | Reached XP level 6. HP: 44/44 MP: 6/6
  3040 | D:4      | Noticed AverageBear's ghost (amateur DEFi)
  3147 | D:4      | Killed AverageBear's ghost
  3147 | D:4      | Reached * piety under Okawaru
  3147 | D:4      | Reached skill level 10 in Polearms
  3308 | D:4      | Found a staircase to the Ecumenical Temple.
  3558 | D:4      | Reached XP level 7. HP: 50/50 MP: 7/7
  3673 | D:5      | Entered Level 5 of the Dungeon
  3681 | D:4      | Reached skill level 11 in Polearms
  3762 | D:5      | Found a radiant altar of Vehumet.
  3849 | D:5      | Noticed a rust devil
  3851 | D:5      | Noticed a rust devil
  3861 | D:5      | Reached skill level 12 in Polearms
  3868 | D:5      | Reached ** piety under Okawaru
  3883 | D:5      | HP: 3/50 [rust devil (12)]
  3885 | D:5      | Slain by a rust devil

Vault maps used:
D:1:      zelgadis_glass_arrival_small
D:2:      lemuel_crystal_altar, chequers_ecumenical_altar_simple
D:3:      kennysheep_goblin_castle, old_standard_altar,
          nicolae_qazlal_eye_of_the_storm, lemuel_crystal_altar, first_bread,
          nicolae_gozag_cash_rules_everything_around_me
D:4:      general_overflow_altar, minmay_temple_entry_butterflies
D:5:      cheibrodos_iron_armory, lightli_temple_of_fire, fedhas_altar_2,
          kennysheep_mini_moat, vehumet_altar_wand_db, uniq_duvessa

Skill      XL: |  1  2  3  4  5  6  7 |
---------------+----------------------+-----
Polearms       | 5 6 7 8 9 10 12 | 12.4
Fighting       | |  2.1
Throwing       | |  2.0
Dodging        | |  4.0

Action                   |  1- 3 |  4- 6 |  7- 9 || total
-------------------------+-------+-------+-------++-------
Melee: Trident           |   108 |   199 |    77 ||   384
       Punch             |       |       |     1 ||     1
Invok: Heroism           |       |     1 |     2 ||     3
  Use: Scroll            |       |       |    13 ||    13
       Potion            |       |       |     1 ||     1
 Stab: Sleeping          |     1 |     1 |       ||     2
  Eat: Chunk             |     2 |     7 |       ||     9
       Fruit             |       |       |     1 ||     1
Armor: Leather armour    |    20 |     8 |       ||    28
       Scale mail        |       |    39 |     8 ||    47
Dodge: Dodged            |    80 |    82 |    35 ||   197

Table legend:
 A = Spawn XP
 B = Non-spawn XP
 C = Spawn XP percentage of total XP
 D = Spawn monster count
 E = Non-spawn monster count
 F = Spawn count percentage of total count
 G = Total turns spent on level
                    A         B        C        D         E        F      G
               +---------+---------+-------+---------+---------+-------+---------
         Total |       0 |    1100 |   0.0 |       0 |      82 |   0.0 |  3885
               +---------+---------+-------+---------+---------+-------+---------
           D:1 |       0 |      25 |   0.0 |       0 |      17 |   0.0 |   932
           D:2 |       0 |      86 |   0.0 |       0 |      22 |   0.0 |  1090
           D:3 |       0 |     167 |   0.0 |       0 |      28 |   0.0 |   937
           D:4 |       0 |     477 |   0.0 |       0 |       9 |   0.0 |   797
           D:5 |       0 |     345 |   0.0 |       0 |       6 |   0.0 |   129
               +---------+---------+-------+---------+---------+-------+---------

Vault maps used:
D:1:      zelgadis_glass_arrival_small
D:2:      lemuel_crystal_altar, chequers_ecumenical_altar_simple
D:3:      kennysheep_goblin_castle, old_standard_altar,
          nicolae_qazlal_eye_of_the_storm, lemuel_crystal_altar, first_bread,
          nicolae_gozag_cash_rules_everything_around_me
D:4:      general_overflow_altar, minmay_temple_entry_butterflies
D:5:      cheibrodos_iron_armory, lightli_temple_of_fire, fedhas_altar_2,
          kennysheep_mini_moat, vehumet_altar_wand_db, uniq_duvessa

Table legend:
 A = Turns spent in this place as a percentage of turns spent in the entire game.
 B = Non-inter-level travel turns spent in this place as a percentage of non-inter-level travel turns spent in the entire game.
 C = Inter-level travel turns spent in this place as a percentage of turns spent in this place.
 D = Turns resting spent in this place as a percentage of non-inter-level travel turns spent in this place.
 E = Turns spent auto-exploring this place as a percentage of non-inter-level travel turns spent in this place.
 F = Non-inter-level travel turns spent in this place divided by the number of levels of this place that you've seen.
                   A       B       C       D       E      F
               +-------+-------+-------+-------+-------+----------------------
         Total | 100.0 | 100.0 |   4.7 |  29.1 |  48.3 | 740.4
       Dungeon | 100.0 | 100.0 |   4.7 |  29.1 |  48.3 | 740.4
               +-------+-------+-------+-------+-------+----------------------

Table legend:
 A = Kills in this place as a percentage of kills in entire the game.
 B = Kills by you in this place as a percentage of kills by you in the entire game.
 C = Kills by friends in this place as a percentage of kills by friends in the entire game.
 D = Other kills in this place as a percentage of other kills in the entire game.
 E = Experience gained in this place as a percentage of experience gained in the entire game.
 F = Experience gained in this place divided by the number of levels of this place that you have seen.
                   A       B       C       D       E      F
               +-------+-------+-------+-------+-------+----------------------
         Total | 100.0 | 100.0 |   N/A |   N/A | 100.0 | 220.0
       Dungeon | 100.0 | 100.0 |   N/A |   N/A | 100.0 | 220.0
               +-------+-------+-------+-------+-------+----------------------
